 Dungeon Crawl Stone Soup version 0.21-a0-128-gf2b353c (webtiles) character file.

454 MatthieuS the Sneak (level 6, 0/31 HPs)
             Began as a Spriggan Enchanter on July 16, 2017.
             Slain by an ogre
             ... wielding a +0 giant club
              (23 damage)
             ... on level 4 of the Dungeon.
             The game lasted 00:16:01 (3934 turns).

MatthieuS the Sneak (Spriggan Enchanter)            Turns: 3934, Time: 00:16:03

Health: 0/31       AC:  2    Str:  6    XL:     6   Next: 76%
Magic:  3/11       EV: 20    Int: 17    God:
Gold:   224        SH:  0    Dex: 16    Spells: 2/11 levels left

rFire    . . .     SeeInvis +   q - +0 dagger (venom)
rCold    . . .     Gourm    .   (shield restricted)
rNeg     . . .     Faith    .   b - +0 robe
rPois    .         Spirit   .   (helmet restricted)
rElec    .         Reflect  .   (no cloak)
rCorr    .         Harm     .   (gloves unavailable)
MR       +....                  (boots unavailable)
Stlth    +++.......             (no amulet)
HPRegen  0.10/turn              (no ring)
MPRegen  0.12/turn              (no ring)

@: very slightly contaminated, very quick
A: unfitting armour, see invisible, herbivore 3, speed 3, slow metabolism 2
a: no special abilities


You were on level 4 of the Dungeon.
You were hungry.

You visited 1 branch of the dungeon, and saw 4 of its levels.

You collected 224 gold pieces.

Inventory:

Hand Weapons
 a - a +3 dagger
 g - a +0 hunting sling
 q - a +0 dagger of venom (weapon)
Missiles
 e - 46 stones (quivered)
 f - a throwing net
Armour
 b - a +0 robe (worn)
Scrolls
 i - a scroll of random uselessness {unknown}
 l - 2 scrolls of teleportation
 m - 2 scrolls of blinking
 s - a scroll of identify
Potions
 h - 5 potions of curing
 j - a potion of flight
 k - a potion of lignification
 n - a potion of heal wounds
 r - a potion of cancellation {unknown}
Books
 c - a book of Maledictions

   Spells                             Type                      Level
   a - Corona                         Hexes                        1
   b - Ensorcelled Hibernation        Hexes/Ice                    2
   c - Confuse                        Hexes                        3
   d - Tukima's Dance                 Hexes                        3
   e - Dazzling Spray                 Conjuration/Hexes            3
 o - a book of Misfortune

   Spells                             Type                      Level
   a - Confusing Touch                Hexes                        1
   b - Confuse                        Hexes                        3
   c - Gell's Gravitas                Translocation                3
   d - Petrify                        Transmutation/Earth          4
   e - Metabolic Englaciation         Hexes/Ice                    5
   f - Yara's Violent Unravelling     Hexes/Transmutation          5
Comestibles
 d - 3 bread rations
 p - 2 fruits


   Skills:
 + Level 2.3 Fighting
 - Level 1.1 Short Blades
 + Level 4.8 Dodging
 + Level 6.6 Stealth
 + Level 3.2 Spellcasting
 * Level 6.4 Hexes


You had 2 spell levels left.
You knew the following spells:

 Your Spells              Type           Power        Failure   Level  Hunger
a - Corona                Hex            ###....      1%          1    None
b - Ensorcelled Hibernat  Hex/Ice        ##....       7%          2    ##.....
c - Confuse               Hex            ###.....     3%          3    ###....
d - Tukima's Dance        Hex            ###.....     3%          3    ###....


Dungeon Overview and Level Annotations

Branches:
Dungeon (4/15)
 Temple: D:4-7

Altars:
Elyvilon
Fedhas
Sif Muna
Uskayaw

Annotations:
D:4 Robin


Innate Abilities, Weirdness & Mutations

You are very small and have problems with some larger weapons.
You are too small for most types of armour.
You have supernaturally acute eyesight. (SInv)
You are a herbivore.
You cover ground extremely quickly.
You need consume almost no food.


Message History

Casting: Ensorcelled Hibernation
Confirm with . or Enter, or press ? or * to list all spells.
Aiming: Ensorcelled Hibernation
Press: ? - help, Shift-Dir - straight line, f - goblin, p - ogre
Aim: a goblin, wielding a hunting sling and carrying a wand of lightning (?/15) {zapped: 3} (chance to defeat MR: 62%)
The goblin resists with significant effort.
Things that are here:
a dagger; a sling bullet
Casting: Ensorcelled Hibernation
Confirm with . or Enter, or press ? or * to list all spells.
Aiming: Ensorcelled Hibernation
Press: ? - help, Shift-Dir - straight line, f/p - goblin
Aim: a goblin, wielding a hunting sling and carrying a wand of lightning (?/15) {zapped: 3} (chance to defeat MR: 62%)
You miscast Ensorcelled Hibernation.
You are very lightly contaminated with residual magic.
A chill runs through your body.
The hobgoblin shouts!
The ogre hits you with a giant club!!
Ouch! That really hurt!
You die...

........<.#######..
## ..####......[....#
. ...#.#.######### #.
#.#.#.# ###..
#.....########
.....#####)#......).#
.......#.(.##.#####)#
.......#O####.# #.#
#...@.# #.# #.#
#.....# ... ...
#$.g##.. ... ##..#
..... ..#.##. #..#
...#..g #.#. . ...#
.g #... .. .... .
#... .#. ..#. .... .#


You could see an ogre, Robin, a hobgoblin and a goblin.

Vanquished Creatures
  Sigmund (D:2)
  Terence (D:2)
  3 orc wizards (D:3)
  A worker ant (D:3)
  7 adders
  6 worms
  A dart slug (D:2)
  5 leopard geckos
  7 orcs (D:3)
  8 bats
  2 giant cockroaches
  11 goblins
  10 hobgoblins
  6 frilled lizards
  9 kobolds
  6 rats
84 creatures vanquished.

Vanquished Creatures (others)
  A goblin (D:4)
  A hobgoblin (D:4)
2 creatures vanquished.

Grand Total: 86 creatures vanquished

Notes
Turn   | Place    | Note
-------+----------+-------------------------------------------
     0 | D:1      | MatthieuS the Spriggan Enchanter began the quest for the Orb.
     0 | D:1      | Reached XP level 1. HP: 9/9 MP: 5/5
   772 | D:1      | Reached XP level 2. HP: 13/13 MP: 6/6
   776 | D:1      | Learned a level 2 spell: Ensorcelled Hibernation
  1255 | D:2      | Noticed Terence
  1261 | D:2      | Killed Terence
  1261 | D:2      | Reached skill level 1 in Fighting
  1261 | D:2      | Reached skill level 5 in Stealth
  1261 | D:2      | Reached XP level 3. HP: 18/18 MP: 2/8
  1349 | D:2      | Noticed Sigmund
  1384 | D:2      | Reached XP level 4. HP: 22/22 MP: 9/9
  1556 | D:2      | Reached skill level 5 in Hexes
  1899 | D:2      | Found a blossoming altar of Fedhas.
  1969 | D:2      | Found a deep blue altar of Sif Muna.
  1976 | D:2      | Killed Sigmund
  1976 | D:2      | Reached XP level 5. HP: 26/26 MP: 1/10
  1976 | D:2      | Reached XP level 6. HP: 30/30 MP: 1/11
  2440 | D:3      | Learned a level 3 spell: Confuse
  2444 | D:3      | Learned a level 3 spell: Tukima's Dance
  2550 | D:3      | Found a white marble altar of Elyvilon.
  2571 | D:3      | Found a hide-covered altar of Uskayaw.
  3135 | D:3      | Found a faded altar of an unknown god.
  3746 | D:4      | Noticed Robin
  3934 | D:4      | Slain by an ogre

Vault maps used:
D:1:      dpeg_arrival_simpleton_c
D:2:      led_sif_pool, st_stairs_14, minmay_misc_feat_chi, fedhas_altar_2,
          uniq_sigmund, uniq_terence
D:3:      eat_drink_and_be_merry_uskayaw, nicolae_overflow_crystal_walls,
          chequers_ecumenical_altar_simple
D:4:      minmay_temple_entry_hall, uniq_menkaure, uniq_robin, uniq_grinder

Skill      XL: |  1  2  3  4  5  6 |
---------------+-------------------+-----
Hexes          | 4 5 6 |  6.4
Fighting       | 1 2 |  2.3
Stealth        | 5 6 |  6.6
Dodging        | 4 |  4.8
Spellcasting   | 3 |  3.2
Short Blades   | |  1.1

Action                   |  1- 3 |  4- 6 || total
-------------------------+-------+-------++-------
Melee: Dagger            |    77 |   139 ||   216
 Fire: Hunting sling     |     5 |       ||     5
 Cast: Corona            |     3 |     3 ||     6
       Ensorcelled Hiber |     9 |    55 ||    64
  Use: Scroll            |       |     8 ||     8
       Potion            |       |     3 ||     3
 Stab: Sleeping          |    16 |    29 ||    45
       Distracted        |       |     1 ||     1
  Eat: Royal jelly       |       |     2 ||     2
Armor: Robe              |    10 |     6 ||    16
Dodge: Dodged            |    53 |   115 ||   168
